AoeStats
← Azatapower

Arabia

505547019Analyzed
1v1 RM · 22d ago on Sep 9, 2026· 42m 27s· 2 players
Game mode
Random Map
Map size
Tiny (2 player)
Population
200
Speed
Normal
Resources
Standard
Victory
Conquest
Starting age
Dark Age
Ending age
Imperial Age
RankedLock teamsTeams togetherTeam positionsShared explorationLock speedFull tech treeHidden civsTurbo modeCheats
Victory
Defeat
🇧🇷 Burgundians · Brazil
1312
+16
🇧🇷 Celts · Brazil
1309
-16
Azatapower
5:38 Loom
9:12 Feudal Age
11:39 Double-Bit Axe
14:15 Forging
16:23 Man-at-Arms
20:51 Castle Age
18:37 Horse Collar
19:07 Gold Mining
19:44 Scale Barding Armor
19:15 Man-at-Arms
20:22 Scale Mail Armor
21:14 Wheelbarrow
20:50 Arson
21:15 Long Swordsman
21:27 Pikeman
24:49 Chain Mail Armor
32:18 Iron Casting
32:00 Hand Cart
31:39 Fletching
33:39 Town Watch
40:48 Stone Mining
41:33 Gold Shaft Mining
41:28 Bodkin Arrow
41:35 Padded Archer Armor
Mandinga
6:04 Loom
9:06 Feudal Age
7:48 Double-Bit Axe
8:28 Horse Collar
10:44 Bow Saw
18:46 Castle Age
17:18 Heavy Plow
17:43 Town Watch
18:34 Wheelbarrow
18:36 Arson
20:58 Two-Man Saw
21:18 Crop Rotation
22:14 Forging
25:34 Iron Casting
27:10 Husbandry
28:20 Scale Barding Armor
30:45 Light Cavalry
38:25 Hand Cart
42:18 Imperial Age
43:17 Chain Barding Armor
Connection lost

Rejoining the realm…

Still unreachable

The connection could not be restored.

Session expired

The server has moved on; the page needs a fresh start.